AoeStats
← Pégase

Arena

504496158Analyzed
1v1 RM · 28d ago on Sep 5, 2026· 90m 49s· 2 players
Game mode
Random Map
Map size
Tiny (2 player)
Population
200
Speed
Normal
Resources
Standard
Victory
Conquest
Starting age
Dark Age
Ending age
Imperial Age
RankedLock teamsTeams togetherTeam positionsShared explorationLock speedFull tech treeHidden civsTurbo modeCheats
Victory
Defeat
🇪🇸 Byzantines · Spain
391
+4
🇫🇷 Japanese · France
39
-4
Pégase
2:03 Loom
15:13 Feudal Age
15:34 Horse Collar
16:36 Wheelbarrow
18:41 Town Watch
22:04 Castle Age
22:48 Heavy Plow
23:25 Hand Cart
27:16 Fervor
27:27 Sanctity
27:18 Redemption
27:08 Devotion
27:04 Herbal Medicine
28:33 Gold Mining
28:40 Stone Mining
30:11 Fortified Wall
30:12 Masonry
31:58 Fletching
32:30 Double-Bit Axe
33:21 Bow Saw
33:50 Gold Shaft Mining
33:18 Arson
33:34 Squires
34:17 Bodkin Arrow
46:15 Town Patrol
49:37 Imperial Age
47:23 Fortified Wall
47:25 Masonry
47:11 Murder Holes
47:36 Ballistics
46:57 Treadmill Crane
47:08 Guard Tower
49:46 Yasama
50:11 Treadmill Crane
50:34 Bracer
54:00 Keep
53:12 Arrowslits
55:41 Two-Man Saw
57:43 Conscription
63:17 Siege Engineers
65:30 Kataparuto
65:47 Hoardings
64:38 Elite Samurai
65:39 Kataparuto
65:55 Hoardings
77:20 Forging
77:11 Scale Mail Armor
81:41 Iron Casting
juancarlos_pk
10:59 Feudal Age
9:15 Loom
11:24 Horse Collar
11:32 Double-Bit Axe
13:02 Wheelbarrow
13:02 Gold Mining
15:24 Man-at-Arms
15:49 Arson
24:13 Forging
24:05 Scale Mail Armor
26:32 Fletching
26:42 Padded Archer Armor
27:41 Stone Mining
30:34 Castle Age
32:39 Heavy Plow
33:17 Gold Shaft Mining
33:17 Stone Shaft Mining
32:54 Bow Saw
33:23 Hand Cart
35:41 Imperial Age
34:37 Squires
33:58 Pikeman
35:20 Elite Skirmisher
36:43 Ballistics
36:16 Guard Tower
37:38 Chemistry
36:37 Murder Holes
36:23 Treadmill Crane
37:31 Hand Cart
39:22 Iron Casting
39:15 Chain Mail Armor
39:53 Crop Rotation
40:02 Fervor
40:14 Sanctity
40:11 Block Printing
40:21 Block Printing
40:27 Bodkin Arrow
40:47 Leather Archer Armor
43:05 Plate Mail Armor
43:06 Ring Archer Armor
42:36 Bracer
43:32 Conscription
45:19 Fortified Wall
45:42 Halberdier
47:14 Scale Barding Armor
49:40 Two-Man Saw
49:04 Chain Barding Armor
49:24 Gambesons
49:00 Long Swordsman
50:11 Two-Handed Swordsman
52:27 Sanctity
52:25 Block Printing
52:55 Theocracy
52:29 Champion
53:24 Capped Ram
60:32 Logistica
61:27 Elite Cataphract
65:33 Hoardings
69:03 Redemption
69:32 Illumination
73:01 Capped Ram
74:45 Siege Ram
Connection lost

Rejoining the realm…

Still unreachable

The connection could not be restored.

Session expired

The server has moved on; the page needs a fresh start.